 Dungeon Crawl Stone Soup version 0.31-a0-795-g5eb97db20b (webtiles) character file.

Game seed: 1563199826496070468

10 Armakuni the Sneak (level 2, -6/24 HPs)
             Began as a Human Delver on Sept 18, 2023.
             Mangled by a water moccasin zombie (7 damage)
             ... in an ossuary.
             The game lasted 00:01:57 (175 turns).

Armakuni the Sneak (Human Delver)                    Turns: 175, Time: 00:01:57

Health: -6/24      AC:  4    Str: 12    XL:     2   Next: 30%
Magic:  2/2        EV: 12    Int: 10    God:
Gold:   31         SH:  0    Dex: 14    Spells: 1/1 levels left

rFire   . . .        a - +0 mace
rCold   . . .        (no shield)
rNeg    . . .        b - +0 leather armour
rPois   .            (no helmet)
rElec   .            (no cloak)
rCorr   .            (no gloves)
SInv    .            h - +0 pair of boots
Will    .....        (no amulet)
Stlth   +++          (no ring)
HPRegen 0.24/turn    (no ring)
MPRegen 0.08/turn

%: no passive effects
@: attractive
A: no striking features
a: no special abilities


You were in an ossuary.
You visited 1 branch of the dungeon, and saw 1 of its levels.
You also visited: Ossuary.

You collected 31 gold pieces.

Inventory:

Hand Weapons
 a - a +0 mace (weapon)
Armour
 b - a +0 leather armour (worn)
 h - a +0 pair of boots (worn)
Wands
 j - a wand of iceblast (6)
 k - a wand of digging (3)
Scrolls
 c - a scroll of fog
 d - a scroll of revelation
 e - a scroll of fear


   Skills:
 - Level 3.0 Fighting
 - Level 2.7 Maces & Flails
 - Level 2.0 Dodging
 - Level 5.0 Stealth
 + Level 0.3 Evocations


You had one spell level left.
You didn't know any spells.
Your spell library was empty.

Dungeon Overview and Level Annotations

Branches:
Dungeon (5/15)            Ossuary (1/1)
 Temple: D:4-7

Altars:


Message History

Aiming: Iceblast
Press: ? - help, Shift-Dir - straight line, f - water moccasin zombie
Aim: a water moccasin zombie (severely damaged)
The mass of ice explodes!
The iceblast engulfs the water moccasin zombie.
The water moccasin zombie partially resists.
The water moccasin zombie is severely damaged.
The iceblast engulfs the gnoll zombie!
The gnoll zombie partially resists.
The gnoll zombie is almost destroyed.
The iceblast engulfs the water moccasin zombie!
The water moccasin zombie partially resists.
The water moccasin zombie is severely damaged.
The water moccasin zombie closely misses you.
You hit the water moccasin zombie.
The water moccasin zombie is severely damaged.
The water moccasin zombie bites you but does no damage. x2
The water moccasin zombie misses you. The water moccasin zombie bites you.
The gnoll zombie is attracted toward you.
The water moccasin zombie attacks as it pursues you!
The water moccasin zombie barely misses you.
The gnoll zombie barely misses you.
You aren't carrying any potions.
Unknown command.
Okay, then.
Unknown command.
You hit the water moccasin zombie.
The water moccasin zombie is almost destroyed.
The water moccasin zombie bites you.
* * * LOW HITPOINT WARNING * * *
The water moccasin zombie bites you.
* * * LOW HITPOINT WARNING * * *
The gnoll zombie misses you.
You barely miss the water moccasin zombie.
The water moccasin zombie is almost destroyed.
The water moccasin zombie misses you. The water moccasin zombie bites you.
* * * LOW HITPOINT WARNING * * *
The water moccasin zombie bites you.
* * * LOW HITPOINT WARNING * * *
The water moccasin zombie bites you!
You die...

#...# #..Z#
#...# ...
##'## #...#
#..Z##### ####
#...#.Z.#!!!!#
#...'.Z@#!?$!+
#∩..#§Z.#!!!!#
######### ####


You could see 2 water moccasin zombies and a gnoll zombie.

Vanquished Creatures
  A shadow imp (D:5)
  A gnoll zombie (D:5)
  A jackal zombie (D:5)
  A kobold zombie (Ossuary)
4 creatures vanquished.

Notes
Turn   | Place    | Note
-------+----------+-------------------------------------------
     0 | D:5      | Armakuni the Human Delver began the quest for the Orb.
     0 | D:5      | Reached XP level 1. HP: 18/18 MP: 1/1
    51 | D:5      | Noticed a killer bee
    65 | D:5      | Reached XP level 2. HP: 18/24 MP: 2/2
   111 | D:5      | Found a sand-covered staircase.
   143 | Ossuary  | Entered an ossuary
   175 | Ossuary  | HP: 1/24 [water moccasin zombie (1)]
   175 | Ossuary  | Mangled by a water moccasin zombie

Illustrated notes

Levels and vault maps discovered:
D:5:      layout_basic, kennysheep_mini, enter_ossuary_3
Ossuary:  ossuary_tomb_2

Action                     || total
---------------------------++-------
  Melee: Mace              ||    30
         Punch             ||     1
  Evoke: Wand              ||     3
    Use: Potion            ||     2
 Armour: Leather armour    ||    20
  Dodge: Dodged            ||    23

Table legend: (Time is in decaauts)
 A = Elapsed time spent in this place.
 B = Non-inter-level travel time spent in this place.
 C = Inter-level travel time spent in this place.
 D = Time resting spent in this place.
 E = Time spent auto-exploring this place.
 F = Levels seen in this place.
 G = Mean time per level.
                   A        B        C        D        E       F      G
               +--------+--------+--------+--------+--------+-----+--------+
         Total |    164 |    164 |      0 |      0 |      0 |   2 |   82.0 |
       Dungeon |    129 |    129 |      0 |      0 |      0 |   1 |  129.0 |
       Ossuary |     35 |     35 |      0 |      0 |      0 |   1 |   35.0 |
               +--------+--------+--------+--------+--------+-----+--------+

Top non-repeatable levels by time:
     D:5: 129 daAuts
 Ossuary: 35 daAuts
